 Dungeon Crawl Stone Soup version 0.22-a0-292-g0df9d5f (webtiles) character file.

499 Amnesiac the Zephyrmancer (level 7, -16/36 HPs)
             Began as a Tengu Air Elementalist on Mar 23, 2018.
             Demolished by a mummy (18 damage)
             ... in an ossuary.
             The game lasted 00:07:07 (3407 turns).

Amnesiac the Zephyrmancer (Tengu Air Elementalist)  Turns: 3407, Time: 00:07:08

Health: -16/36     AC:  2    Str: 12 (14) XL:     7   Next: 16%
Magic:  15/15      EV: 12    Int: 20 (22) God:
Gold:   261        SH:  0    Dex: 13 (14) Spells: 10/15 levels left

rFire    + . .     SeeInvis .   f - +3 falchion (freeze)
rCold    . . .     Gourm    .   (no shield)
rNeg     . . .     Faith    .   b - +0 robe (curse)
rPois    +         Spirit   .   (helmet restricted)
rElec    .         Reflect  .   (no cloak)
rCorr    .         Harm     .   (no gloves)
MR       .....                  (boots unavailable)
Stlth    ++........             (no amulet)
HPRegen  0.12/turn              a - ring of protection from fire
MPRegen  0.14/turn              o - ring of poison resistance

@: mighty, brilliant, very slightly contaminated
A: beak, talons 3, able to fly 1
a: Fly


You were in an ossuary.
You were hungry.

You visited 1 branch of the dungeon, and saw 4 of its levels.
You also visited: Ossuary.

You collected 261 gold pieces.

Inventory:

Hand Weapons
 f - a +3 falchion of freezing (weapon)
Armour
 b - a cursed +0 robe (worn)
Jewellery
 a - a ring of protection from fire (left hand)
 i - an uncursed ring of ice
 o - a ring of poison resistance (right hand)
Scrolls
 d - 2 scrolls of remove curse {!r, unknown}
 e - 4 scrolls of identify {!r, unknown}
 k - a scroll of amnesia {!r, unknown}
 l - a scroll of noise {!r, unknown}
 n - a scroll of enchant armour {!r, unknown}
 p - 3 scrolls of fog {!r}
 q - 2 scrolls of teleportation {!r, unknown}
 r - a scroll of magic mapping {!r, unknown}
 t - a scroll of enchant weapon {!r, unknown}
 u - a scroll of immolation {!r, unknown}
Potions
 g - a potion of degeneration {!q}
 j - 2 potions of brilliance {!q}
 s - a potion of curing {!q}
Comestibles
 c - 3 rations


   Skills:
 - Level 2.1 Dodging
 - Level 2.0 Stealth
 + Level 4.9 Spellcasting
 - Level 1.3 Conjurations
 - Level 8.0 Air Magic


You had 10 spell levels left.
You knew the following spells:

 Your Spells              Type           Power        Failure   Level  Hunger
a - Airstrike             Air            #####.....   1%          4    ####...
d - Shock                 Conj/Air       ####         1%          1    None


Dungeon Overview and Level Annotations

Branches:
Dungeon (4/15)
 Temple: D:4-7

Altars:
The Shining One

Shops:
D:4 (


Innate Abilities, Weirdness & Mutations

You have a beak for a mouth.
You have claws for feet.
You can fly.


Message History

The bog mummy hits you but does no damage.
You hit the bog mummy. You claw the bog mummy.
You peck the bog mummy, but do no damage.
The bog mummy is severely damaged.
The centaur zombie closely misses you.
You riposte.
You hit the centaur zombie.
The centaur zombie is lightly damaged.
The bog mummy hits you.
You slash the bog mummy!
You destroy the bog mummy!
The worker ant zombie waves its antennae.
You hit the mummy.
The mummy is moderately damaged.
A worker ant zombie comes into view.
You hit the mummy.
The mummy is moderately damaged.
The mummy hits you!
* * * LOW HITPOINT WARNING * * *
Okay, then.
There is an empty arch of ancient stone here.
Really quaff
j - 3 brown potions {!q}?
It was a potion of brilliance {!q}.
You feel clever all of a sudden.
Really quaff
g - 2 fizzy white potions {!q}?
It was a potion of degeneration {!q}.
There was something very wrong with that liquid.
You feel weakened.
You feel dopey.
You feel clumsy. The centaur zombie hits you.
* * * LOW HITPOINT WARNING * * *
The mummy hits you.
* * * LOW HITPOINT WARNING * * *
Really quaff
s - 2 fizzy purple potions {!q}?
It was a potion of curing {!q}.
You feel better. The centaur zombie barely misses you.
You riposte.
You hit the centaur zombie. You claw the centaur zombie.
The centaur zombie is moderately damaged.
Okay, then.
Really read
p - 4 scrolls labeled YTRAOT EQIU {!r}?
As you read the scroll labeled YTRAOT EQIU {!r}, it crumbles to dust.
The scroll dissolves into smoke.
It was a scroll of fog {!r}.
The centaur zombie hits you.
* * * LOW HITPOINT WARNING * * *
The mummy hits you!
* * * LOW HITPOINT WARNING * * *
The worker ant zombie completely misses you.
Really quaff
h - a black potion {!q}?
It was a potion of magic {!q}.
Magic courses through your body. The centaur zombie hits you.
* * * LOW HITPOINT WARNING * * *
The centaur zombie completely misses you.
The worker ant zombie closely misses you.
You riposte.
You hit the worker ant zombie. You claw the worker ant zombie.
The worker ant zombie is moderately damaged.
Really quaff
m - a murky white potion {!q}?
Okay, then.
Unknown command.
Unknown command.
Really quaff
m - a murky white potion {!q}?
It was a potion of might {!q}.
You feel very mighty all of a sudden. The centaur zombie hits you.
* * * LOW HITPOINT WARNING * * *
The mummy hits you!!
Ouch! That really hurt!
You die... ##### #§@§# #ZMZ#

#§Z§#
##§##
≈.≈
≈.#≈#
.≈.
.#
≈≈≈#
≈≈
#≈##
##


You could see a mummy, 2 worker ant zombies and a centaur zombie.

Vanquished Creatures
  Grinder (D:3)
  An orc wizard (D:3)
  Terence (D:3)
  An iguana (D:4)
  4 mummies
  2 adders
  A shadow imp (D:2)
  An ooze (D:2)
  2 worms
  4 dart slugs
  5 leopard geckos
  3 orcs
  2 ball pythons
  6 bats
  2 giant cockroaches
  12 goblins
  12 hobgoblins
  4 jackals (D:3)
  6 kobolds
  A quokka (D:4)
  4 frilled lizards
  A quokka zombie (Ossuary)
  11 rats
  A fungus (D:1)
88 creatures vanquished.

Vanquished Creatures (others)
  A withered plant (Ossuary)
1 creature vanquished.

Grand Total: 89 creatures vanquished

Notes
Turn   | Place    | Note
-------+----------+-------------------------------------------
     0 | D:1      | Amnesiac the Tengu Air Elementalist began the quest for the Orb.
     0 | D:1      | Reached XP level 1. HP: 10/10 MP: 4/4
   109 | D:1      | Reached XP level 2. HP: 9/15 MP: 0/6
   439 | D:1      | Reached skill level 5 in Air Magic
   448 | D:1      | Reached XP level 3. HP: 19/19 MP: 2/7
  1282 | D:2      | Reached XP level 4. HP: 24/24 MP: 1/9
  1288 | D:2      | Learned a level 4 spell: Airstrike
  1651 | D:3      | Reached skill level 6 in Air Magic
  1797 | D:3      | Noticed Grinder
  1814 | D:3      | Paralysed by Grinder for 6 turns
  1894 | D:3      | Paralysed by Grinder for 3 turns
  1898 | D:3      | Paralysed by Grinder for 3 turns
  1903 | D:3      | Killed Grinder
  1903 | D:3      | Reached skill level 7 in Air Magic
  1903 | D:3      | Gained mutation: You can fly. [Tengu growth]
  1903 | D:3      | Reached XP level 5. HP: 11/28 MP: 4/11
  1903 | D:3      | Reached XP level 6. HP: 13/32 MP: 4/12
  2382 | D:3      | Found a glowing golden altar of the Shining One.
  2481 | D:3      | Reached skill level 8 in Air Magic
  2746 | D:3      | Noticed Terence
  2748 | D:3      | Killed Terence
  3024 | D:4      | Found Wilyonui's Antique Weapon Emporium.
  3171 | D:4      | Noticed a phantom
  3174 | D:4      | Found a sand-covered staircase.
  3206 | Ossuary  | Entered an ossuary
  3384 | Ossuary  | Reached XP level 7. HP: 30/36 MP: 9/14
  3407 | Ossuary  | Demolished by a mummy

Vault maps used:
D:1:      dpeg_arrival_pits, serial_corexii_hall, corexii_hall_statues_u,
          corexii_hall_statues_u, minmay_gold_behind_fungi
D:2:      first_ration
D:3:      tso_oasis_becter, uniq_terence, uniq_grinder
D:4:      cheibrodos_helix_gallery, minitemple, minmay_temple_entry_poolview,
          serial_shops, shop, shop, nicolae_shop_stone, kennysheep_little_box,
          nicolae_shop_crystal, gup_ossuary_entry_pyramid
Ossuary:  ossuary_zaba_flooded

Skill      XL: |  1  2  3  4  5  6 |
---------------+-------------------+-----
Air Magic      | 5 7 8 |  8.0
Spellcasting   | 3 4 |  4.9
Dodging        | |  2.1
Stealth        | |  2.0
Conjurations   | |  1.3

Action                   |  1- 3 |  4- 6 |  7- 9 || total
-------------------------+-------+-------+-------++-------
Melee: Unarmed           |    22 |    25 |       ||    47
       Kick              |     9 |     8 |     5 ||    22
       Peck              |     3 |     1 |     1 ||     5
       Falchion          |       |     8 |    13 ||    21
 Cast: Shock             |    76 |    51 |       ||   127
       Airstrike         |       |    29 |     1 ||    30
  Use: Potion            |       |       |     5 ||     5
       Scroll            |       |       |     1 ||     1
  Eat: Chunk             |     2 |    12 |       ||    14
Armor: Robe              |       |     5 |     2 ||     7
Dodge: Dodged            |     5 |    31 |     9 ||    45
       Rpst.: Falchion   |       |       |     4 ||     4

Table legend:
 A = Spawn XP
 B = Non-spawn XP
 C = Spawn XP percentage of total XP
 D = Spawn monster count
 E = Non-spawn monster count
 F = Spawn count percentage of total count
 G = Total turns spent on level
                    A         B        C        D         E        F      G
               +---------+---------+-------+---------+---------+-------+---------
         Total |       0 |     713 |   0.0 |       0 |      87 |   0.0 |  3407
               +---------+---------+-------+---------+---------+-------+---------
           D:1 |       0 |      43 |   0.0 |       0 |      23 |   0.0 |   741
           D:2 |       0 |      58 |   0.0 |       0 |      23 |   0.0 |   902
           D:3 |       0 |     425 |   0.0 |       0 |      32 |   0.0 |  1341
           D:4 |       0 |      71 |   0.0 |       0 |       5 |   0.0 |   222
       Ossuary |       0 |     116 |   0.0 |       0 |       4 |   0.0 |   201
               +---------+---------+-------+---------+---------+-------+---------
